 Dungeon Crawl Stone Soup version 0.29-a0-870-g2c972031a6 (webtiles) character file.

Game seed: 2032138755231125681

3693 porpoise the Grappler (level 10, -2/79 HPs)
             Began as a Merfolk Transmuter on July 18, 2022.
             Was an Initiate of Hepliaklqana.
             Slain by a hobgoblin
             ... wielding a +0 war axe
              (7 damage)
             ... in a bailey.
             The game lasted 00:29:44 (6751 turns).

porpoise the Grappler (Merfolk Transmuter)          Turns: 6751, Time: 00:29:45

Health: -2/79      AC: 13    Str: 17    XL:     10   Next: 13%
Magic:  12/14      EV: 12    Int: 17    God:    Hepliaklqana [......]
Gold:   252        SH:  0    Dex: 12    Spells: 8/15 levels left

rFire   . . .      SeeInvis .     - Unarmed
rCold   . . .      Faith    .   (no shield)
rNeg    . . .      Spirit   .   F - +0 acid dragon scales
rPois   .          Reflect  .   (helmet currently unavailable)
rElec   .          Harm     .   l - +0 cloak
rCorr   +          Rampage  .   m - +1 pair of gloves of Sin {Str+2 Int+4 Dex-2}
Will    +....                   (boots currently unavailable)
Stlth   +.........              e - amulet of regeneration
HPRegen 1.03/turn               q - ring of willpower
MPRegen 0.14/turn               v - +4 ring of protection

@: appendages, wereblooded
A: horns 2, (nimble swimmer 2), mertail
a: End Transformation, Renounce Religion


You were in a bailey.
You worshipped Hepliaklqana.
Hepliaklqana was noncommittal.
You had temporarily grown beastly horns.
You visited 2 branches of the dungeon, and saw 9 of its levels.
You also visited: Bailey.

You collected 252 gold pieces.

Inventory:

Hand Weapons
 b - a +1 sling
Missiles
 o - 7 poisoned darts
 p - 4 atropa-tipped darts
 u - 17 boomerangs
Armour
 g - a +1 leather armour
 i - +0 steam dragon scales
 l - a +0 cloak (worn)
 m - the +1 pair of gloves of Sin (worn) {Str+2 Int+4 Dex-2}
   (You found it on level 2 of the Dungeon)

   Str:       It affects your strength (+2).
   Int:       It affects your intelligence (+4).
   Dex:       It affects your dexterity (-2).
 x - a +0 helmet (melded)
 F - +0 acid dragon scales (worn)
Magical Staves
 c - a staff of cold
Jewellery
 e - an amulet of regeneration (around neck)
 j - a ring of protection from fire
 k - an amulet of faith
 q - a ring of willpower (left hand)
 v - a +4 ring of protection (right hand)
Wands
 r - a wand of polymorph (11)
 A - a wand of acid (1)
 E - a wand of iceblast (12)
Scrolls
 a - a scroll of poison
 f - a scroll of amnesia {unknown}
 h - a scroll of teleportation
 t - a scroll of enchant armour
 G - 2 scrolls of noise
 H - 2 scrolls of fear {unknown}
Potions
 d - 2 potions of mutation
 n - a potion of resistance
 s - 3 potions of attraction
 w - a potion of magic
 y - 4 potions of lignification
 z - 2 potions of flight
 B - 2 potions of heal wounds {unknown}
 C - a potion of degeneration {unknown}
 D - 3 potions of curing


   Skills:
 - Level 7.0 Fighting
 + Level 2.0 Armour
 - Level 2.6 Dodging
 * Level 11.6 Unarmed Combat
 - Level 3.0 Spellcasting
 - Level 7.0 Transmutations
 + Level 4.4 Ice Magic


You had 8 spell levels left.
You knew the following spells:

 Your Spells              Type           Power      Damage    Failure   Level
a - Beastly Appendage     Tmut           52%        N/A       1%          1
c - Ice Form              Ice/Tmut       21%        N/A       22%         4
w - Wereblood             Tmut           26%        N/A       1%          2

Your spell library contained the following spells:

 Spells                   Type           Power      Damage    Failure   Level
 Spider Form              Tmut/Pois      14%        N/A       16%         3
 Foxfire                  Conj/Fire      8%         2x1d4     22%         1
 Conjure Flame            Conj/Fire      2%         6-21      56%         3
 Inner Flame              Hex/Fire       2%         N/A       56%         3
 Animate Dead             Necr           2%         N/A       92%         4
 Flame Wave               Conj/Fire      2%         2d4       92%         4
 Leda's Liquefaction      Hex/Erth       1%         N/A       92%         4
 Fireball                 Conj/Fire      1%         3d3       99%         5
 Haunt                    Necr/Summ      1%         N/A       100%        7
 Infestation              Necr           1%         N/A       100%        8


Dungeon Overview and Level Annotations

Branches:
Dungeon (8/15)             Temple (1/1) D:7          Bailey (1/1)
   Lair: D:8-11

Altars:
Ashenzari
Cheibriados
Dithmenos
Elyvilon
Fedhas
Gozag
Hepliaklqana
Kikubaaqudgha
Makhleb
Nemelex Xobeh
Okawaru
Qazlal
Trog
Uskayaw
Wu Jian
Xom
Yredelemnul
Zin

Shops:
D:4 [


Innate Abilities, Weirdness & Mutations

You have temporarily grown beastly horns.
((You are very nimble when in or above water. (Stealth+, EV+, Speed+++)))
Your lower body shifts to a powerful aquatic tail in water.


Message History

You kill the hobgoblin!
The hobgoblin barely misses you.
The orc knight hits you with a +0 war axe!!
A goblin comes into view. It is wielding a +0 hand axe.
You hear a shout!
The goblin shouts!
You closely miss the hobgoblin.
You hear a shout! x2
You barely miss the hobgoblin.
You howl as the wereblood boils in your veins!
The hobgoblin closely misses you.
The orc knight hits you with a +0 war axe!!
The hobgoblin hits you with a +0 war axe.
A hobgoblin comes into view. It is wielding a +0 hand axe.
You barely miss the hobgoblin.
You headbutt the hobgoblin, but do no damage.
You punch the hobgoblin.
The hobgoblin is heavily wounded.
The hobgoblin hits you but does no damage.
The orc knight barely misses you.
The hobgoblin hits you with a +0 war axe.
You barely miss the hobgoblin.
The hobgoblin is heavily wounded.
The hobgoblin hits you with a +0 hand axe!
* * * LOW HITPOINT WARNING * * *
The orc knight hits you with a +0 war axe.
* * * LOW HITPOINT WARNING * * *
The hobgoblin barely misses you.
You closely miss the hobgoblin.
The hobgoblin is heavily wounded.
The hobgoblin hits you but does no damage.
The orc knight hits you but does no damage.
The hobgoblin barely misses you.
You barely miss the hobgoblin.
The hobgoblin is heavily wounded.
You punch the hobgoblin!
You feel a bit better.
You kill the hobgoblin!
The orc knight hits you with a +0 war axe!!
* * * LOW HITPOINT WARNING * * *
The hobgoblin hits you with a +0 war axe!
You die...

...8..8..## ........!#
........$# ....8...#
#......# #gg...##♣
#)og.##.♣ #@###..♣♣
#.≈≈≈...♣ #.≈≈≈...♣♣
#.≈≈≈...∩♣ #.≈≈≈...♣♣
≈.#≈..8...8..≈#.≈≈≈...♣
##'#≈.........≈#'###..♣♣
...#≈|?8.go8![≈#...##.♣
...##≈≈#####≈≈##....##♣


You could see an orc knight, 2 hobgoblins and a goblin.

Vanquished Creatures
  Pikel (D:7)
  Joseph (D:7)
  Maggie (D:7)
  Sigmund (D:5)
  A steam dragon (D:6)
  Menkaure (D:5)
  Edmund (D:6)
  An acid dragon (D:8)
  Duvessa (D:6)
  2 sky beasts
  A black bear (D:6)
  2 orc warriors
  2 ogres
  A centaur (D:7)
  3 phantoms
  A scorpion (D:7)
  4 wights (D:6)
  Dowan (D:6)
  2 howler monkeys (D:8)
  2 hounds (D:5)
  A jelly (D:5)
  3 orc priests
  4 orc wizards
  3 iguanas
  6 adders
  3 gnolls (Bailey)
  A shadow imp (D:4)
  A white imp (D:7)
  3 dart slugs
  28 orcs
  5 ball pythons
  2 endoplasms
  6 giant cockroaches
  7 goblins
  9 hobgoblins
  A quokka (D:3)
  5 bats
  6 frilled lizards
  13 kobolds
  3 rats
140 creatures vanquished.

Notes
Turn   | Place    | Note
-------+----------+-------------------------------------------
     0 | D:1      | porpoise the Merfolk Transmuter began the quest for the
                  | Orb.
     0 | D:1      | Reached XP level 1. HP: 15/15 MP: 3/3
   250 | D:1      | Reached XP level 2. HP: 18/21 MP: 5/5
   256 | D:1      | Learned a level 2 spell: Wereblood
   726 | D:2      | Found a faded altar of an unknown god.
   737 | D:2      | Reached skill level 4 in Unarmed Combat
   737 | D:2      | Reached XP level 3. HP: 27/27 MP: 4/6
  1358 | D:2      | Reached XP level 4. HP: 33/33 MP: 5/7
  1401 | D:2      | Identified the +1 pair of gloves of Sin {Str+2 Int+4 Dex-2}
  1832 | D:3      | Found a stormy altar of Qazlal.
  2051 | D:3      | Found an ancient bone altar of Kikubaaqudgha.
  2404 | D:3      | Found a bloodstained altar of Trog.
  2757 | D:4      | Found Ydogaeb's Armour Shoppe.
  2860 | D:4      | Learned a level 4 spell: Ice Form
  2885 | D:4      | Found a sparkling altar of Nemelex Xobeh.
  3058 | D:4      | Reached XP level 5. HP: 39/39 MP: 8/8
  3077 | D:4      | Reached skill level 5 in Unarmed Combat
  3726 | D:5      | Entered Level 5 of the Dungeon
  3740 | D:5      | Reached XP level 6. HP: 41/47 MP: 7/9
  3808 | D:5      | Reached skill level 6 in Unarmed Combat
  3808 | D:5      | Reached skill level 5 in Transmutations
  3922 | D:5      | Noticed Menkaure
  3930 | D:5      | Killed Menkaure
  3931 | D:5      | Reached XP level 7. HP: 38/54 MP: 8/10
  4393 | D:5      | Noticed Sigmund
  4409 | D:5      | Killed Sigmund
  4410 | D:5      | Reached skill level 7 in Unarmed Combat
  4540 | D:6      | Noticed Dowan
  4547 | D:6      | Found a glowing silver altar of Zin.
  4560 | D:6      | Killed Dowan
  4592 | D:6      | Noticed Duvessa
  4606 | D:6      | Killed Duvessa
  4607 | D:6      | Reached XP level 8. HP: 20/61 MP: 11/11
  4680 | D:6      | Reached skill level 5 in Fighting
  4849 | D:6      | Reached skill level 8 in Unarmed Combat
  4908 | D:6      | Reached skill level 9 in Unarmed Combat
  4938 | D:6      | Noticed Edmund
  4955 | D:6      | Killed Edmund
  5045 | D:6      | Reached XP level 9. HP: 69/69 MP: 12/12
  5512 | D:7      | Found an opulent altar of Gozag.
  5611 | D:7      | Got the Dissertation on the Salvo and Stones
  5637 | D:7      | Reached skill level 1 in Ice Magic
  5665 | D:7      | Noticed Joseph
  5685 | D:7      | Killed Joseph
  5686 | D:7      | Reached skill level 10 in Unarmed Combat
  5843 | D:7      | Found a staircase to the Ecumenical Temple.
  5857 | Temple   | Entered the Ecumenical Temple
  5926 | Temple   | Became a worshipper of Hepliaklqana the Forgotten
  6012 | D:7      | Noticed Maggie
  6021 | D:7      | Killed Maggie
  6075 | D:7      | Noticed Pikel
  6087 | D:7      | Killed Pikel
  6088 | D:7      | Reached skill level 1 in Armour
  6088 | D:7      | Reached skill level 11 in Unarmed Combat
  6472 | D:8      | Reached XP level 10. HP: 79/79 MP: 11/14
  6516 | D:8      | Found a flagged portal.
  6547 | Bailey   | Entered a bailey
  6609 | Bailey   | Noticed an orc warlord
  6734 | Bailey   | Noticed an orc knight
  6751 | Bailey   | Slain by a hobgoblin

Illustrated notes

Levels and vault maps discovered:
D:1:      zaba_arrival_water, layout_basic, minmay_unequal
D:2:      layout_basic, hellmonk_ecumenical_altar_run_dry, grunt_ministairs_8
D:3:      layout_basic, mainiacjoe_overflow_brackets, bloody_trog,
          kiku_gazebo_pond_becter
D:4:      layout_basic, mainiacjoe_overflow_paths, serial_shops, shop
D:5:      layout_layer_cave, uniq_sigmund, uniq_menkaure
D:6:      layout_loops_ring, kennysheep_mini_moat,
          chequers_serial_rivers_micro_b, uniq_edmund, uniq_duvessa
D:7:      layout_basic, nicolae_gozag_seed_capital,
          minmay_temple_entry_sparse_star, uniq_pikel, uniq_joseph, uniq_maggie
D:8:      layout_loops_ring, old_standard_altar,
          mainiacjoe_overflow_divided_tiny, enter_bailey_2, uniq_maurice
Temple:   nicolae_temple_hex_pool
Bailey:   bailey_axe_bossmonster_kennysheep, bailey

Skill      XL: |  1  2  3  4  5  6  7  8  9 10 |
---------------+-------------------------------+-----
Transmutations | 3 4 5 6 7 |  7.0
Unarmed Combat | 4 5 6 7 9 11 | 11.6
Fighting       | 2 3 4 6 7 |  7.0
Ice Magic      | 3 4 |  4.4
Spellcasting   | 3 |  3.0
Armour         | 1 2 |  2.0
Dodging        | |  2.6

Action                   |  1- 3 |  4- 6 |  7- 9 | 10-12 || total
-------------------------+-------+-------+-------+-------++-------
Melee: Unarmed           |   130 |   192 |   200 |    64 ||   586
       Punch             |     3 |     5 |     9 |     3 ||    20
       Headbutt          |     9 |    20 |    44 |    10 ||    83
 Fire: Sling             |       |     1 |    23 |       ||    24
 Cast: Beastly Appendage |    15 |    14 |    24 |     5 ||    58
       Wereblood         |       |     3 |     5 |     2 ||    10
  Use: Scroll            |       |     6 |    11 |       ||    17
       Potion            |       |       |     4 |       ||     4
 Stab: Invisible         |       |       |     1 |       ||     1
Armor: Robe              |     2 |       |       |       ||     2
       Leather armour    |    28 |    48 |    39 |       ||   115
       Steam dragon scal |       |       |    15 |     1 ||    16
       Acid dragon scale |       |       |       |    27 ||    27
Dodge: Dodged            |    79 |    71 |    82 |    41 ||   273

Table legend: (Time is in decaauts)
 A = Elapsed time spent in this place.
 B = Non-inter-level travel time spent in this place.
 C = Inter-level travel time spent in this place.
 D = Time resting spent in this place.
 E = Time spent auto-exploring this place.
 F = Levels seen in this place.
 G = Mean time per level.
                   A        B        C        D        E       F      G
               +--------+--------+--------+--------+--------+-----+--------+
         Total |   6621 |   6298 |    323 |    645 |   4056 |  10 |  662.1 |
       Dungeon |   6364 |   6054 |    310 |    622 |   4006 |   8 |  795.5 |
        Temple |     79 |     66 |     13 |      0 |     50 |   1 |   79.0 |
        Bailey |    177 |    177 |      0 |     23 |      0 |   1 |  177.0 |
               +--------+--------+--------+--------+--------+-----+--------+

Top non-repeatable levels by time:
     D:2: 1024 daAuts
     D:4: 998 daAuts
     D:3: 985 daAuts
     D:6: 882 daAuts
     D:7: 868 daAuts
     D:5: 767 daAuts
     D:1: 717 daAuts
  Bailey: 177 daAuts
     D:8: 120 daAuts
  Temple: 79 daAuts
